 Dungeon Crawl Stone Soup version 0.29.1-15-g9cfb28693d (webtiles) character file.

Game seed: 3469268443648127557

46401 Acheron the Nimble (level 14, -6/101 HPs)
             Began as a Merfolk Ice Elementalist on Feb 4, 2023.
             Was an Elder of Nemelex Xobeh.
             Succumbed to poison (poison gas)
             ... on level 5 of the Lair of Beasts on Mar 3, 2023.
             The game lasted 02:34:44 (18016 turns).

Acheron the Nimble (Merfolk Ice Elementalist)      Turns: 18016, Time: 02:34:45

Health: -6/101     AC: 17    Str: 10    XL:     14   Next: 37%
Magic:  25/25      EV: 35    Int: 16    God:    Nemelex Xobeh [****..]
Gold:   889        SH:  5    Dex: 16    Spells: 15/28 levels left

rFire   . . .      SeeInvis .   z - +3 dagger (elec)
rCold   . . .      Faith    .   B - +0 buckler
rNeg    . . .      Spirit   .   f - +0 acid dragon scales
rPois   .          Reflect  .   C - +0 helmet
rElec   .          Harm     .   j - +2 cloak
rCorr   +          Rampage  .   W - +1 pair of gloves
Will    +....                   (boots currently unavailable)
Stlth   +++++.....              J - amulet of the acrobat
HPRegen 0.26/turn               n - +4 ring of protection
MPRegen 0.19/turn               r - +4 ring of slaying

@: lethally poisoned (-6 -> -68), acrobatic, very quick
A: nimble swimmer 2, mertail
a: Renounce Religion, Draw Escape, Draw Destruction, Draw Summoning, Triple
Draw, Deal Four


You were on level 5 of the Lair of Beasts.
You worshipped Nemelex Xobeh.
Nemelex Xobeh was greatly pleased with you.
You visited 4 branches of the dungeon, and saw 18 of its levels.

You collected 973 gold pieces.
You spent 84 gold pieces at shops.

Inventory:

Hand Weapons
 i - a +2 falchion of holy wrath
 y - a +1 mace of protection
 z - a +3 dagger of electrocution (weapon)
 H - a +1 spectral quarterstaff
Missiles
 d - 2 boomerangs of dispersal
 s - 10 javelins
 t - 11 boomerangs (quivered)
 u - 3 curare-tipped darts
Armour
 f - +0 acid dragon scales (worn)
 j - a +2 cloak (worn)
 k - a +2 pair of boots (melded)
 B - a +0 buckler (worn)
 C - a +0 helmet (worn)
 F - a +2 troll leather armour {Snorg}
 W - a +1 pair of gloves (worn)
Magical Staves
 a - a staff of air
 c - a staff of poison
 m - a staff of air
 U - a staff of fire
Jewellery
 n - a +4 ring of protection (left hand)
 r - a +4 ring of slaying (right hand)
 E - a ring of see invisible
 J - an amulet of the acrobat (around neck)
 K - a ring of willpower
 P - a ring of poison resistance
 T - a ring of wizardry
Wands
 G - a wand of acid (5)
 I - a wand of mindburst (9)
 M - a wand of iceblast (2)
 R - a wand of paralysis (3)
 X - a wand of flame (17)
Scrolls
 g - 2 scrolls of magic mapping
 q - 5 scrolls of amnesia
 L - 2 scrolls of fog
 O - 4 scrolls of teleportation
 S - a scroll of fear
 Z - 2 scrolls of identify
Potions
 b - 2 potions of magic
 e - 3 potions of curing
 l - 2 potions of invisibility
 p - 5 potions of flight
 v - 5 potions of mutation
 w - 3 potions of haste
 x - 2 potions of cancellation
 N - a potion of berserk rage
 Q - a potion of lignification
 V - 2 potions of brilliance
 Y - a potion of might


   Skills:
 * Level 6.5 Fighting
 * Level 9.7(10.3) Short Blades
 * Level 5.1(8.1) Long Blades
 + Level 3.1(4.0) Axes
 + Level 3.7(4.3) Maces & Flails
 + Level 6.3 Throwing
 * Level 3.4 Armour
 * Level 11.4 Dodging
 * Level 9.7 Stealth
 * Level 3.9 Shields
 * Level 7.5 Spellcasting
 * Level 2.4 Conjurations
 * Level 0.9 Translocations
 * Level 10.0 Ice Magic
 * Level 7.5 Invocations
 * Level 8.1 Evocations


You had 15 spell levels left.
You knew the following spells:

 Your Spells              Type           Power      Damage    Failure   Level
a - Freeze                Ice            100%       1d11      1%          1
b - Frozen Ramparts       Ice            76%        1d12      1%          3
c - Ozocubu's Armour      Ice            38%        N/A       1%          3
d - Hailstorm             Conj/Ice       25%        3d7       19%         4
e - Blink                 Tloc           18%        N/A       24%         2

Your spell library contained the following spells:

 Spells                   Type           Power      Damage    Failure   Level
 Foxfire                  Conj/Fire      36%        2x1d5     14%         1
 Static Discharge         Conj/Air       9%         3-5/arc   22%         2
 Conjure Flame            Conj/Fire      9%         6-21      41%         3
 Inner Flame              Hex/Fire       6%         N/A       58%         3
 Flame Wave               Conj/Fire      9%         2d6       82%         4
 Lightning Bolt           Conj/Air       4%         1d16      99%         5
 Manifold Assault         Tloc           9%         N/A       99%         5
 Storm Form               Tmut/Air       3%         N/A       100%        7
 Maxwell's Capacitive Co  Air            3%         ∞         100%        8


Dungeon Overview and Level Annotations

Branches:
Dungeon (11/15)            Temple (1/1) D:6            Lair (5/5) D:9
  Swamp (0/4) Lair:3        Slime (1/5) Lair:4
  Snake: Lair:2-3    Spider: Lair:2-3       Orc: D:9-12

Altars:
Ashenzari
Cheibriados
Dithmenos
Elyvilon
Fedhas
Gozag
Hepliaklqana
Kikubaaqudgha
Nemelex Xobeh
Okawaru
Qazlal
Ru
Sif Muna
Trog
Vehumet
Wu Jian
Xom
Yredelemnul
Zin
The Shining One

Shops:
D:4 *

Annotations:
D:6 exclusion: 2 downstairs
D:8 exclusion: downstairs
Lair:2 exclusion: upstairs
Lair:3 exclusions: downstairs, ice statue and upstairs
Lair:5 exclusion: upstairs


Innate Abilities, Weirdness & Mutations

You are very nimble when in or above water. (Stealth+, EV+, Speed+++)
Your lower body shifts to a powerful aquatic tail in water.


Message History

You hit the swamp dragon.
You kill the swamp dragon!
The swamp dragon scales are intact enough to wear.
You are engulfed in poison gas.
You are more poisoned.
You feel extremely sick.
Your Ice Magic skill increases to level 10!
You hit the fire dragon but do no damage.
You tail-slap the fire dragon, but do no damage.
You are engulfed in poison gas.
You are more poisoned.
You feel extremely sick.
The fire dragon bites you but does no damage.
The fire dragon barely misses you.
The fire dragon tramples you but does no damage.
You hit the fire dragon but do no damage.
Lightning courses through the fire dragon!
The fire dragon is lightly wounded.
You are engulfed in poison gas.
You are more poisoned.
You feel extremely sick.
You barely miss the fire dragon.
You tail-slap the fire dragon, but do no damage.
The fire dragon is lightly wounded.
You are engulfed in poison gas.
You are more poisoned.
* * * LOW HITPOINT WARNING * * *
You feel extremely sick. You block the fire dragon's attack.
The fire dragon completely misses you.
The fire dragon tramples you but does no damage.
Blink to where?
Press: ? - help, Dir - move target Your icy armour will break if you move.
Continue?
Your icy armour cracks and falls away as you move.
Floosh!
As you read the scroll of blinking, it crumbles to dust.
* * * LOW HITPOINT WARNING * * *
You feel extremely sick.
You die...
Your body glows with a rainbow of weird colours and disappears.

####..##
♣~≈.♣..♣..~♣♣♣~≈~~..♣
##.....#
♣♣~.♣..♣...~.♣♣.~≈≈~♣
#.....##
♣..~≈♣♣♣.♣≈~♣♣..≈≈≈~♣
#..#..##
♣♣≈.~♣♣..≈~♣♣♣~≈≈≈≈.♣
#.#....#
♣..♣~~♣♣≈~.♣♣.~~D≈≈~♣
#...#..#
♣♣.♣♣~≈≈≈.♣♣♣♣.~≈≈≈.♣
.#..##.#
♣...~~♣.♣♣)/$.D≈≈~.♣
..#..###
♣.....~♣♣♣?).~≈≈~.♣♣
...#####
♣♣.♣..@♣♣..|.~≈≈~.♣
..##.#.#
♣♣..~≈♣♣♣!!..~~.♣♣♣
...P...#
♣....~♣♣[)$..≈~~.♣
.......#
♣♣..♣~~♣♣♣..~≈~..♣
.......#
♣♣...~~♣♣~~≈~.♣♣♣
.......#
♣♣♣..~~♣♣[...♣
...#.#.# ♣♣.~≈≈°D°.♣♣
.#.###.# ♣.♣~≈°○.♣♣
.### ### ♣♣♣°°≈○♣♣


There were no monsters in sight!

Vanquished Creatures
  A spark wasp (Lair:5)
  Snorg (Lair:3)
  An ice dragon (Lair:3)
  A boulder beetle (Lair:3)
  A hydra (Lair:4)
  A bog body (Lair:3)
  A swamp dragon (Lair:5)
  3 lindwurms (Lair:5)
  A manticore (D:8)
  8 black mambas
  15 elephants
  A guardian serpent (Lair:5)
  Joseph (D:7)
  16 cane toads
  10 komodo dragons
  2 rime drakes
  5 polar bears
  A troll (D:10)
  13 blink frogs
  4 hornets
  A shadow (D:7)
  4 basilisks
  9 wyverns
  10 yaks
  2 redbacks (Lair:5)
  4 steam dragons
  20 water moccasins
  2 acid dragons (Lair:5)
  A sky beast (D:6)
  3 orc warriors
  A swamp drake (Lair:5)
  5 ice beasts
  An ogre (D:6)
  A centaur (D:7)
  2 kobold brigands
  6 bullfrogs
  4 necrophages
  Blork the orc (D:5)
  4 scorpions
  18 killer bees
  A howler monkey (D:9)
  A jelly (D:8)
  4 orc priests
  Crazy Yiuf (D:2)
  3 gnoll boudas
  A hound (D:5)
  10 orc wizards
  6 iguanas
  7 hell rats (Lair:5)
  15 gnolls
  5 adders
  5 white imps
  2 ufetubi (D:5)
  4 dart slugs
  30 orcs
  A giant cockroach (D:1)
  7 hobgoblins
  3 jackals (D:5)
  3 quokkas
  4 ball pythons
  3 bats (D:1)
  2 frilled lizards
  4 goblins
  14 kobolds
  7 rats
329 creatures vanquished.

Vanquished Creatures (others)
  5 bushes (Lair:5)
  69 fungi
  127 plants
201 creatures vanquished.

Grand Total: 530 creatures vanquished

Notes
Turn   | Place    | Note
-------+----------+-------------------------------------------
     0 | D:1      | Acheron the Merfolk Ice Elementalist began the quest for
                  | the Orb.
     0 | D:1      | Reached XP level 1. HP: 13/13 MP: 3/3
   556 | D:1      | Reached XP level 2. HP: 16/19 MP: 5/5
   829 | D:1      | Found a faded altar of an unknown god.
  1287 | D:1      | Reached XP level 3. HP: 23/24 MP: 6/6
  1856 | D:2      | Reached skill level 3 in Dodging
  1923 | D:2      | You fall into a shaft and drop 2 floors!
  2065 | D:3      | Reached skill level 5 in Ice Magic
  2298 | D:2      | Learned a level 3 spell: Frozen Ramparts
  2505 | D:2      | Reached skill level 1 in Maces & Flails
  2759 | D:2      | Reached XP level 4. HP: 29/31 MP: 4/7
  2807 | D:2      | Found a runed translucent door.
  2808 | D:2      | Noticed Crazy Yiuf
  2821 | D:2      | Killed Crazy Yiuf
  3153 | D:3      | Reached skill level 1 in Fighting
  3182 | D:3      | Noticed an ice beast
  3214 | D:4      | Reached XP level 5. HP: 16/37 MP: 7/9
  3522 | D:4      | Found an ornate altar of the Wu Jian Council.
  3894 | D:4      | Noticed a water moccasin
  3952 | D:3      | Killed an ice beast
  3953 | D:3      | Reached skill level 1 in Evocations
  3953 | D:3      | Reached XP level 6. HP: 19/44 MP: 8/10
  4351 | D:3      | Reached skill level 1 in Axes
  4381 | D:3      | Upgraded the game from 0.29.1-13-g9f3cf754e1 to
                  | 0.29.1-15-g9cfb28693d
  4690 | D:5      | Entered Level 5 of the Dungeon
  4707 | D:4      | Found Uwat's Gadget Gallery.
  4712 | D:4      | Bought a wand of acid (2) for 84 gold pieces
  4914 | D:4      | Found a stormy altar of Qazlal.
  5229 | D:6      | Noticed Blork the orc
  5229 | D:6      | Found a staircase to the Ecumenical Temple.
  5242 | D:5      | Killed Blork the orc
  5243 | D:5      | Reached skill level 4 in Dodging
  5315 | D:6      | Noticed a steam dragon
  5407 | D:5      | Reached XP level 7. HP: 33/50 MP: 7/11
  5480 | D:5      | Reached skill level 1 in Throwing
  6335 | D:6      | Found a shadowy altar of Dithmenos.
  6403 | D:6      | Noticed a komodo dragon
  6427 | D:6      | Reached XP level 8. HP: 46/57 MP: 13/13
  6632 | D:6      | Reached skill level 5 in Dodging
  6720 | D:6      | Noticed a hornet
  6805 | Temple   | Entered the Ecumenical Temple
  6852 | Temple   | Became a worshipper of Nemelex Xobeh the Trickster
  6941 | D:7      | Found a glowing golden altar of the Shining One.
  7065 | D:7      | Noticed Joseph
  7079 | D:6      | Noticed a yak
  7079 | D:6      | Noticed a yak
  7079 | D:6      | Noticed a yak
  7079 | D:6      | Noticed a yak
  7091 | D:6      | Killed a yak
  7092 | D:6      | Reached skill level 1 in Short Blades
  7099 | D:6      | Killed a yak
  7111 | D:6      | Killed a yak
  7115 | D:6      | Killed a yak
  7116 | D:6      | Reached XP level 9. HP: 43/65 MP: 13/15
  7752 | D:5      | Found an iron altar of Okawaru.
  7752 | D:5      | Found a shimmering blue altar of Sif Muna.
  7894 | D:6      | Killed a hornet
  7980 | D:6      | Killed a komodo dragon
  7981 | D:6      | Reached skill level 6 in Dodging
  7981 | D:6      | Reached skill level 5 in Stealth
  8097 | D:6      | Learned a level 3 spell: Ozocubu's Armour
  8268 | D:7      | Noticed a hornet
  8657 | D:8      | Noticed a manticore
  8720 | D:8      | Reached skill level 1 in Invocations
  8725 | D:8      | Reached * piety under Nemelex Xobeh
  8806 | D:7      | Killed a hornet
  8882 | D:7      | Reached XP level 10. HP: 38/73 MP: 16/16
  9039 | D:7      | Reached skill level 8 in Dodging
  9039 | D:7      | Reached skill level 5 in Spellcasting
  9039 | D:7      | Reached skill level 5 in Evocations
  9039 | D:7      | Reached XP level 11. HP: 78/78 MP: 16/19
  9057 | D:7      | Reached skill level 9 in Dodging
  9057 | D:7      | Reached skill level 5 in Invocations
  9057 | D:7      | Reached XP level 12. HP: 84/84 MP: 19/21
  9551 | D:7      | Received a gift from Nemelex Xobeh
  9675 | D:7      | Killed Joseph
 10481 | D:10     | Entered Level 10 of the Dungeon
 10666 | D:10     | Found a sacrificial altar of Ru.
 10879 | D:10     | Reached skill level 1 in Armour
 11052 | D:9      | Found a staircase to the Lair.
 11098 | D:9      | Reached skill level 1 in Long Blades
 11713 | Lair:1   | Entered Level 1 of the Lair of Beasts
 11745 | Lair:1   | Reached ** piety under Nemelex Xobeh
 11781 | Lair:1   | Found the +4 skin of Zhor {*Englaciate rC+++ SInv}
 11840 | Lair:2   | Reached skill level 5 in Fighting
 12379 | Lair:2   | Reached skill level 1 in Shields
 12388 | Lair:2   | Reached *** piety under Nemelex Xobeh
 12397 | Lair:2   | Received a gift from Nemelex Xobeh
 12743 | Lair:2   | Received a gift from Nemelex Xobeh
 12835 | Lair:3   | Learned a level 4 spell: Hailstorm
 12849 | Lair:3   | Noticed an ice dragon
 13109 | Lair:3   | Noticed Snorg
 13151 | Lair:3   | Killed Snorg
 13152 | Lair:3   | Reached skill level 10 in Dodging
 13274 | Lair:3   | Found a staircase to the Swamp.
 13424 | Lair:3   | Killed an ice dragon
 13514 | Lair:3   | Noticed a boulder beetle
 13541 | Lair:3   | Killed a boulder beetle
 13634 | Lair:3   | Reached XP level 13. HP: 92/92 MP: 20/23
 14008 | Lair:3   | Reached **** piety under Nemelex Xobeh
 14487 | Lair:4   | Received a gift from Nemelex Xobeh
 14605 | Lair:4   | Found a staircase to the Slime Pits.
 14722 | Lair:4   | Reached skill level 1 in Conjurations
 14776 | Slime:1  | Entered Level 1 of the Pits of Slime
 14776 | Slime:1  | Noticed an azure jelly
 15016 | Lair:5   | Entered Level 5 of the Lair of Beasts
 15818 | Lair:5   | Noticed a spark wasp
 15818 | Lair:5   | a wolf spider changed into a spark wasp
 15833 | Lair:5   | Killed a spark wasp
 15834 | Lair:5   | Reached skill level 11 in Dodging
 15896 | Lair:5   | Received a gift from Nemelex Xobeh
 16525 | Lair:5   | Reached XP level 14. HP: 94/100 MP: 22/25
 16635 | Lair:5   | Learned a level 2 spell: Blink
 17924 | Lair:5   | Reached skill level 5 in Long Blades
 18012 | Lair:5   | Reached skill level 10 in Ice Magic
 18015 | Lair:5   | HP: 2/101 [poison (poison gas)]
 18016 | Lair:5   | Succumbed to poison (poison gas)

Illustrated notes

Levels and vault maps discovered:
D:1:      erik_arrival_triangle_large, layout_basic,
          hellmonk_ecumenical_altar_lost_god, minmay_indecisive_spiral
D:2:      layout_loops_ring, uniq_crazy_yiuf_cottage
D:3:      layout_basic, cheibrodos_sewer_entry_bend
D:4:      layout_basic, mainiacjoe_overflow_catwalk, lemuel_tele_altar,
          nicolae_shop_gadgets
D:5:      layout_basic, gammafunk_temple_overflow_wave
D:6:      layout_basic, grunt_dithmenos_smoke_and_mirrors, temple_statues,
          minmay_pentangle, uniq_blork_the_orc
D:7:      layout_rooms, mainiacjoe_overflow_swirl, uniq_joseph
D:8:      layout_basic, nicolae_uskayaw_dance_studio
D:9:      layout_loops_ring, dpeg_oklobed_lair, david_orc_1_choice, uniq_psyche,
          uniq_prince_ribbit1
D:10:     layout_basic, nicolae_ru_sacrificial_ziggurat, enter_trove_6
D:11:     dreamdust_dug_too_deep, layout_cave_pools, kiku_gazebo_pond_becter
Temple:   nicolae_temple_ecumenical_triangle
Lair:1:   beast_lair_carwin_large_3, layout_regular_city,
          hellmonk_guarded_unrand_zhor, grunt_megastairs_1, uniq_gastronok,
          uniq_harold, uniq_sonja
Lair:2:   layout_regular_city, minmay_snake_entry_spellcaster,
          lemuel_fruit_tree, grunt_megastairs_5
Lair:3:   layout_regular_city, skrybe_swamp_entry_bodies, ice2_lemuel,
          uniq_snorg
Lair:4:   layout_gridlike, slime_entry_1
Lair:5:   guppyfry_lair_end_dragon, layout_layer_cave,
          hangedman_lair_tendril_chambers, st_stairs_7, nicolae_lair_lindhole,
          serial_bayou_shore_b
Slime:1:  layout_caves

Skill      XL: |  1  2  3  4  5  6  7  8  9 10 11 12 13 14 |
---------------+-------------------------------------------+-----
Dodging        | 3 4 5 6 8 9 10 11 | 11.4
Ice Magic      | 5 6 7 8 9 10 | 10.0
Maces & Flails | 1 2 3 |  3.7
Fighting       | 1 2 3 4 5 6 |  6.5
Spellcasting   | 3 4 5 6 7 |  7.5
Evocations     | 1 2 3 5 6 7 8 |  8.1
Axes           | 1 2 3 |  3.1
Stealth        | 3 4 5 7 8 9 |  9.7
Throwing       | 1 2 3 4 6 |  6.3
Short Blades   | 1 4 6 8 9 |  9.7
Invocations    | 1 4 5 6 7 |  7.5
Armour         | 2 3 |  3.4
Long Blades    | 3 4 5 |  5.1
Shields        | 2 3 |  3.9
Conjurations   | 1 2 |  2.4
Translocations | |  0.9

Action                   |  1- 3 |  4- 6 |  7- 9 | 10-12 | 13-15 || total
-------------------------+-------+-------+-------+-------+-------++-------
Melee: Dagger            |    21 |       |   184 |   413 |   736 ||  1354
       Mace              |    60 |    99 |    68 |       |       ||   227
       Punch             |     2 |     3 |     4 |     2 |       ||    11
       Tailslap          |       |       |       |       |    18 ||    18
Throw: Dart              |       |       |     4 |       |       ||     4
       Boomerang         |       |       |       |     1 |    21 ||    22
 Cast: Freeze            |    24 |     7 |       |       |       ||    31
       Frozen Ramparts   |       |     4 |     8 |    10 |    28 ||    50
       Ozocubu's Armour  |       |       |       |       |     4 ||     4
Invok: Draw Destruction  |       |       |       |     1 |     5 ||     6
Evoke: Wand              |       |     1 |       |     3 |       ||     4
  Use: Scroll            |     5 |    10 |     2 |     9 |     6 ||    32
       Potion            |       |     1 |       |     5 |     2 ||     8
 Stab: Sleeping          |     2 |     2 |     5 |     9 |    11 ||    29
       Distracted        |       |       |       |     2 |     2 ||     4
Armor: Robe              |    23 |       |       |       |       ||    23
       Leather armour    |    11 |    72 |    89 |    91 |       ||   263
       Troll leather arm |       |       |       |    28 |   116 ||   144
       Acid dragon scale |       |       |       |       |    17 ||    17
Dodge: Dodged            |    69 |    95 |   144 |   291 |   340 ||   939
Block: Buckler           |       |       |       |    45 |    95 ||   140
